 Dungeon Crawl Stone Soup version 0.21-a0-104-g7b58145 (console) character file.

263 removed the Conjurer (level 5, -11/36 HPs)
             Began as a Demonspawn Wizard on July 6, 2017.
             Killed by divine providence
             ... invoked by an orc priest
              (17 damage)
             ... on level 4 of the Dungeon.
             The game lasted 00:07:11 (4009 turns).

removed the Conjurer (Demonspawn Wizard)            Turns: 4009, Time: 00:07:12

Health: -11/36     AC:  3    Str:  8    XL:     5   Next: 98%
Magic:  1/9        EV: 12    Int: 20    God:
Gold:   90         SH:  0    Dex: 11    Spells: 1/10 levels left

rFire    x . .     SeeInvis .   J - +7 mace {freeze, +Inv rElec rF-}
rCold    + . .     Gourm    .   (no shield)
rNeg     . . .     Faith    .   b - +0 robe
rPois    .         Spirit   .   I - +0 hat
rElec    +         Reflect  .   (no cloak)
rCorr    .         Harm     .   (no gloves)
MR       .....                  (no boots)
Stlth    +++.......             (no amulet)
HPRegen  0.12/turn              F - ring of stealth
MPRegen  0.11/turn              (no ring)

@: no status effects
A: rugged brown scales 1, cold resistance 1
a: Evoke Invisibility


You were on level 4 of the Dungeon.
You were not hungry.

You visited 1 branch of the dungeon, and saw 4 of its levels.

You collected 90 gold pieces.

Inventory:

Hand Weapons
 a - a +0 dagger of draining
 o - a cursed -3 club
 p - a +0 hand axe
 r - a +0 mace
 s - a +0 spear
 J - the +7 mace "Lukhokast" (weapon) {freeze, +Inv rElec rF-}
   (You found it on level 4 of the Dungeon)

   It has been specially enchanted to freeze those struck by it, causing extra
   injury to most foes and up to half again as much damage against particularly
   susceptible opponents.
   It can also slow down cold-blooded creatures.
   It makes you vulnerable to fire.
   It insulates you from electricity.
   It lets you turn invisible.
Armour
 b - a +0 robe (worn)
 I - a +0 hat (worn)
Jewellery
 F - a ring of stealth (left hand)
Scrolls
 e - 3 scrolls of noise {unknown}
 i - a scroll of enchant armour {unknown}
 k - 6 scrolls of identify {unknown}
 l - 3 scrolls of recharging {unknown}
 n - a scroll of magic mapping {unknown}
 u - 2 scrolls of remove curse {unknown}
 y - 2 scrolls of enchant weapon {unknown}
 B - a scroll of blinking {unknown}
 E - a scroll of random uselessness {unknown}
 H - 3 scrolls of teleportation {unknown}
Potions
 x - 2 potions of brilliance
 A - a potion of degeneration {unknown}
 C - a potion of haste {unknown}
Books
 c - a book of Minor Magic

   Spells                             Type                      Level
   a - Magic Dart                     Conjuration                  1
   b - Blink                          Translocation                2
   c - Call Imp                       Summoning                    2
   d - Slow                           Hexes                        2
   e - Conjure Flame                  Conjuration/Fire             3
   f - Mephitic Cloud                 Conjuration/Poison/Air       3
Comestibles
 d - a bread ration
 v - a meat ration
 w - 6 fruits
 K - a chunk of flesh


   Skills:
 - Level 1.7 Dodging
 - Level 1.7 Stealth
 - Level 3.0 Spellcasting
 + Level 6.0 Conjurations
   Level 1.0 Summonings
 - Level 0.8 Translocations


You had one spell level left.
You knew the following spells:

 Your Spells              Type           Power        Failure   Level  Hunger
a - Magic Dart            Conj           ####         1%          1    None
b - Conjure Flame         Conj/Fire      ###.....     12%         3    ###....
l - Blink                 Tloc           N/A          16%         2    ##.....
m - Mephitic Cloud        Conj/Pois/Air  ##......     19%         3    ###....


Dungeon Overview and Level Annotations

Branches:
Dungeon (4/15)             Temple (0/1) D:4

Altars:
Elyvilon
Uskayaw
Wu Jian
Xom


Innate Abilities, Weirdness & Mutations

You are partially covered in rugged brown scales. (AC +1, +3% HP)
Your flesh is cold resistant. (rC+)


Message History

The orc priest hits you.
* * * LOW HITPOINT WARNING * * *
You hit the orc priest but do no damage.
The orc priest is moderately wounded.
The orc priest hits you.
* * * LOW HITPOINT WARNING * * *
The orc priest completely misses you.
You barely miss the orc priest.
The orc priest is moderately wounded.
The orc priest hits you.
* * * LOW HITPOINT WARNING * * *
You hit the orc priest but do no damage.
The orc priest is moderately wounded.
The orc priest barely misses you.
You hit the orc priest. You freeze the orc priest.
The orc priest is heavily wounded.
The orc priest hits you but does no damage.
The orc priest invokes the aid of Beogh against you.
Beogh smites you!
You die...

#.####.............
#.#.##.###... #.#.##.##
#.#.....# .####.####..#
# .........#..# .#
#..........# .. #
((.....#.##.#####.#....
.......#.##....@oo.#
.......#.##########.#
.....8>8.# .........#
#.####.### .. #. ..


You could see an orc priest and an orc.

Vanquished Creatures
  An orc priest (D:4)
  An orc wizard (D:4)
  Natasha (D:4)
  5 adders
  A gnoll (D:1)
  2 oozes
  An adder skeleton (D:4)
  4 worms
  4 dart slugs
  2 leopard geckos
  8 orcs
  4 giant cockroaches
  9 goblins
  11 hobgoblins
  7 jackals
  A quokka (D:3)
  9 bats
  6 frilled lizards
  5 kobolds
  7 rats
89 creatures vanquished.

Notes
Turn   | Place    | Note
-------+----------+-------------------------------------------
     0 | D:1      | removed the Demonspawn Wizard began the quest for the Orb.
     0 | D:1      | Reached XP level 1. HP: 13/13 MP: 4/4
   189 | D:1      | Reached skill level 2 in Conjurations
   189 | D:1      | Gained mutation: You are partially covered in rugged brown scales. (AC +1, +3% HP) [demonic ancestry]
   189 | D:1      | Reached XP level 2. HP: 7/19 MP: 0/6
   832 | D:1      | Reached skill level 3 in Conjurations
   832 | D:1      | Reached XP level 3. HP: 24/24 MP: 3/7
  1547 | D:1      | Learned a level 3 spell: Conjure Flame
  1630 | D:2      | Gained mutation: Your flesh is cold resistant. (rC+) [demonic ancestry]
  1630 | D:2      | Reached XP level 4. HP: 30/30 MP: 2/8
  1737 | D:2      | Reached skill level 4 in Conjurations
  2009 | D:2      | Learned a level 3 spell: Mephitic Cloud
  2012 | D:2      | Learned a level 2 spell: Blink
  2128 | D:2      | Found an ornate altar of the Wu Jian Council.
  2131 | D:2      | Found a hide-covered altar of Uskayaw.
  2134 | D:2      | Found a white marble altar of Elyvilon.
  3036 | D:3      | Reached XP level 5. HP: 36/36 MP: 1/9
  3165 | D:3      | Found a shimmering altar of Xom.
  3196 | D:3      | Reached skill level 5 in Conjurations
  3293 | D:3      | Found a shimmering altar of Xom.
  3293 | D:3      | Found a shimmering altar of Xom.
  3294 | D:3      | Found a shimmering altar of Xom.
  3294 | D:3      | Found a shimmering altar of Xom.
  3294 | D:3      | Found a shimmering altar of Xom.
  3295 | D:3      | Found a shimmering altar of Xom.
  3297 | D:3      | Found a shimmering altar of Xom.
  3769 | D:4      | Got a scorched mace
  3770 | D:4      | Identified the +7 mace "Lukhokast" {freeze, +Inv rElec rF-} (You found it on level 4 of the Dungeon)
  3905 | D:4      | Noticed Natasha
  3910 | D:4      | Killed Natasha
  3982 | D:4      | Found a staircase to the Ecumenical Temple.
  4004 | D:4      | Reached skill level 6 in Conjurations
  4009 | D:4      | Killed from afar by an orc priest

Vault maps used:
D:1:      minmay_arrival_stone_box, minmay_tiny_reverse_x
D:2:      grunt_temple_overflow_open
D:3:      xom_redecorated
D:4:      temple_statues, uniq_natasha, uniq_grinder

Skill      XL: |  1  2  3  4  5 |
---------------+----------------+-----
Conjurations   | 2 3 4 6 |  6.0
Dodging        | |  1.7
Stealth        | |  1.7
Spellcasting   | |  3.0
Summonings     | |  1.0
Translocations | |  0.8

Action                   |  1- 3 |  4- 6 || total
-------------------------+-------+-------++-------
Melee: Unarmed           |     4 |       ||     4
       Spear             |       |    10 ||    10
       Mace              |       |     7 ||     7
 Cast: Magic Dart        |    94 |   150 ||   244
  Use: Potion            |       |     4 ||     4
  Eat: Chunk             |     2 |     7 ||     9
Armor: Robe              |     4 |     9 ||    13
       Skin              |       |     3 ||     3
Dodge: Dodged            |     7 |    43 ||    50
